 Seeded DCSS version 0.30.1-4-g462c640d31 (webtiles) character file.

Game seed: 6351066067085065685 (custom seed)

2609 Esekla the Thaumaturge (level 9, -1/43 (45) HPs)
             Began as a Deep Elf Necromancer on Aug 18, 2023.
             Was a Priest of Vehumet.
             Slain by a wight
             ... wielding a +4 great sword
              (4 damage)
             ... on level 7 of the Dungeon.
             The game lasted 00:41:37 (6192 turns).

Esekla the Thaumaturge (Deep Elf Necromancer)       Turns: 6192, Time: 00:41:38

HP:   -1/43 (45)    AC:  5    Str:  5    XL:     9   Next: 34%
MP:   23/24         EV: 14    Int: 25    God:    Vehumet [***...]
Gold: 398           SH:  0    Dex: 15    Spells: 14/27 levels left

rFire   . . .        a - +0 scimitar
rCold   . . .        (no shield)
rNeg    . . .        H - +0 robe
rPois   .            h - +0 helmet
rElec   .            E - +0 cloak
rCorr   .            j - +0 pair of gloves
SInv    .            (no boots)
Will    .....        B - amulet of magic regeneration
Stlth   +++          (no ring)
HPRegen 0.27/turn    (no ring)
MPRegen 0.59/turn

%: no passive effects
@: slowed, lightly drained, very slow
A: no striking features
a: Renounce Religion


You were on level 7 of the Dungeon.
You worshipped Vehumet.
Vehumet was most pleased with you.
You visited 1 branch of the dungeon, and saw 7 of its levels.

You collected 398 gold pieces.

Inventory:

Hand Weapons
 a - a +0 scimitar (weapon)
 r - a +4 trident of venom
 s - a +2 vampiric dagger
Missiles
 y - 22 poisoned darts (quivered)
Armour
 h - a +0 helmet (worn)
 j - a +0 pair of gloves (worn)
 z - a +0 buckler
 E - a +0 cloak (worn)
 H - a +0 robe (worn)
Jewellery
 B - an amulet of magic regeneration (around neck)
Wands
 t - a wand of roots (20)
 D - a wand of flame (15)
 I - a wand of mindburst (7)
Scrolls
 c - a scroll of immolation {unknown}
 e - 2 scrolls of fear
 f - 8 scrolls of identify {unknown}
 l - a scroll of enchant armour {unknown}
 n - 2 scrolls of amnesia {unknown}
 o - a scroll of silence {unknown}
 p - 3 scrolls of enchant weapon {unknown}
 q - a scroll of summoning {unknown}
 u - 5 scrolls of blinking {unknown}
 x - 2 scrolls of fog {unknown}
 A - a scroll of magic mapping {unknown}
 F - 2 scrolls of poison {unknown}
 G - 2 scrolls of teleportation {unknown}
Potions
 b - a potion of magic
 d - 3 potions of ambrosia {unknown}
 g - a potion of mutation {unknown}
 i - 3 potions of curing
 k - 6 potions of attraction {unknown}
 m - 2 potions of haste {unknown}
 v - 2 potions of heal wounds {unknown}
 w - 3 potions of brilliance {unknown}
 C - a potion of lignification {unknown}


   Skills:
 + Level 2.5(2.6) Short Blades
 + Level 0.2(1.4) Long Blades
 + Level 1.4 Throwing
 * Level 6.0 Dodging
 + Level 4.3 Stealth
 * Level 9.5 Spellcasting
 + Level 3.3 Conjurations
 + Level 8.8 Necromancy
 * Level 3.6 Translocations
 * Level 1.3 Air Magic
 * Level 2.8 Poison Magic


You had 14 spell levels left.
You knew the following spells:

 Your Spells              Type           Power      Damage    Failure   Level
a - Magic Dart            Conj           100%       1d8       1%          1
b - Necrotise             Necr           100%       1d9       1%          1
c - Mephitic Cloud        Conj/Pois/Air  24%        N/A       1%          3
d - Vampiric Draining     Necr           54%        2d9       1%          3
e - Searing Ray           Conj           56%        2d6       1%          2
t - Teleport Other        Tloc           30%        N/A       3%          3

Your spell library contained the following spells:

 Spells                   Type           Power      Damage    Failure   Level
 Lesser Beckoning         Tloc           60%        N/A       1%          2
 Animate Dead             Necr           54%        N/A       1%          4
 Gell's Gravitas          Tloc           30%        N/A       3%          3
 Agony                    Necr           54%        N/A       3%          5
 Spider Form              Tmut/Pois      19%        N/A       9%          3
 Cause Fear               Hex            5%         N/A       45%         4
 Summon Mana Viper        Hex/Summ       11%        N/A       82%         5


Dungeon Overview and Level Annotations

Branches:
Dungeon (7/15)             Temple (0/1) D:6

Altars:
Dithmenos
Fedhas
Hepliaklqana
Okawaru
Qazlal
Trog
Vehumet
Zin
The Shining One

Shops:
D:2 =   D:4 (

Annotations:
D:7 Joseph


Message History

Aiming: Mindburst
Press: ? - help, Shift-Dir - straight line, f/p - wight
Aim: a wight, wielding a +3 halberd and wearing a +0 robe (chance to affect: 64%)
The wight's mind is blasted!
You blow up the wight!
Vehumet accepts your kill.
Things that are here:
a +0 giant club; an ogre corpse
Things that are here:
a +3 halberd; a +0 robe
There is an open door here.
Aiming: Fastroot
Press: ? - help, Shift-Dir - straight line
Okay, then.
The wight throws a curare-tipped dart.
The curare-tipped dart hits you.
You are poisoned.
You have difficulty breathing.
You feel yourself slow down.
There is an open door here.
You feel very sick.
The wight throws a curare-tipped dart.
The curare-tipped dart hits you.
You are more poisoned.
You have difficulty breathing.
You feel as though you will be slow longer.
You close the door.
You feel very sick.
You feel better.
Something unseen opens the door.
Casting: Searing Ray (safe; 1% risk of failure)
Confirm with . or Enter, or press ? or * to list all spells.
Aiming: Searing Ray (safe; 1% risk of failure)
Press: ? - help, Shift-Dir - straight line, f - wight
Aim: a wight, wielding a +4 great sword, wearing a +0 robe and quivering curare-tipped darts (79% to hit)
The searing ray misses the wight. (Press . to maintain the ray.)
The searing ray hits the wight.
The wight is moderately damaged.
The wight hits you with a +4 great sword! x2
* * * LOW HITPOINT WARNING * * *
You feel drained.
You die...

. ..?########
..........##################
....z.....'......)..).......
.z........#.(..#############
...#####+##z...# ### z
#@...# #(.
#....###########.# #.
#.............##.# ####.
#.....#######.##.#
.....#######.#<....#.##.#
.........##.##.#..#.##.#
....[....'........).)...
@#.....#####.####..###
#.....#.<.....##..#


You could see a wight.

Vanquished Creatures
  Pikel (D:6)
  A wyvern (D:7)
  Menkaure (D:7)
  An ice beast (D:6)
  A sky beast (D:6)
  2 black bears
  2 ogres
  A centaur (D:7)
  A phantom (D:7)
  Blork the orc (D:6)
  A kobold brigand (D:6)
  A gnoll sergeant (D:7)
  A bullfrog (D:7)
  2 scorpions (D:5)
  A wight (D:7)
  A gnoll bouda (D:4)
  5 hounds
  A jelly (D:6)
  Crazy Yiuf (D:7)
  A sleepcap (D:5)
  5 iguanas
  An orc wizard (D:7)
  13 gnolls
  9 adders
  4 white imps
  An ufetubus (D:6)
  A worm (D:4)
  3 dart slugs
  15 orcs
  6 ball pythons
  4 endoplasms
  8 goblins
  4 hobgoblins
  A quokka (D:1)
  4 bats
  4 frilled lizards
  12 kobolds
  A rat (D:2)
123 creatures vanquished.

Notes
Turn   | Place    | Note
-------+----------+-------------------------------------------
     0 | D:1      | Esekla the Deep Elf Necromancer began the quest for the
                  | Orb.
     0 | D:1      | Reached XP level 1. HP: 10/10 MP: 6/6
   254 | D:2      | Found Renulab's Jewellery Shop.
   397 | D:4      | Found a glowing silver altar of Zin.
   408 | D:4      | Found an iron altar of Okawaru.
   419 | D:4      | Found a radiant altar of Vehumet.
   423 | D:4      | Became a worshipper of Vehumet
   474 | D:4      | Reached skill level 5 in Necromancy
   504 | D:4      | Found a glowing golden altar of the Shining One.
   662 | D:3      | Reached XP level 2. HP: 15/15 MP: 8/8
   993 | D:3      | Identified the +5 rapier of the Hero {heavy, rN+ Dex+3}
  1186 | D:3      | Reached XP level 3. HP: 14/19 MP: 9/9
  1190 | D:3      | Learned a level 3 spell: Vampiric Draining
  1381 | D:4      | Found Ponaysk's Antique Weapon Boutique.
  1858 | D:4      | Reached skill level 1 in Short Blades
  2032 | D:3      | Reached XP level 4. HP: 24/24 MP: 11/11
  2056 | D:3      | Found a stormy altar of Qazlal.
  2080 | D:3      | Found a bloodstained altar of Trog.
  2082 | D:3      | Found a hazy altar of Hepliaklqana.
  2228 | D:2      | Reached skill level 4 in Spellcasting
  2269 | D:1      | Reached * piety under Vehumet
  2269 | D:1      | Offered knowledge of Magic Dart by Vehumet.
  2272 | D:1      | Learned a level 1 spell: Magic Dart
  2564 | D:1      | Reached XP level 5. HP: 22/28 MP: 9/13
  2641 | D:2      | Noticed a black bear
  2764 | D:2      | Found a faded altar of an unknown god.
  2837 | D:2      | Killed a black bear
  2838 | D:2      | Reached skill level 5 in Spellcasting
  2838 | D:2      | Reached skill level 1 in Conjurations
  2838 | D:2      | Reached XP level 6. HP: 30/32 MP: 2/15
  3057 | D:2      | Learned a level 3 spell: Teleport Other
  3141 | D:3      | Offered knowledge of Searing Ray by Vehumet.
  3149 | D:3      | Learned a level 2 spell: Searing Ray
  3289 | D:4      | Reached ** piety under Vehumet
  3492 | D:5      | Entered Level 5 of the Dungeon
  3500 | D:5      | Got the Parchment of the Lumpy Olives
  3515 | D:5      | Found a shadowy altar of Dithmenos.
  3594 | D:5      | Reached skill level 1 in Throwing
  3772 | D:5      | Reached XP level 7. HP: 36/36 MP: 17/17
  3867 | D:6      | Reached skill level 6 in Spellcasting
  3867 | D:6      | Reached skill level 1 in Translocations
  4216 | D:6      | Noticed Blork the orc
  4471 | D:5      | Reached skill level 5 in Dodging
  4525 | D:6      | Noticed Pikel
  4539 | D:6      | Killed Pikel
  4540 | D:6      | Reached skill level 7 in Spellcasting
  4540 | D:6      | Reached XP level 8. HP: 22/41 MP: 7/21
  4559 | D:6      | Found a staircase to the Ecumenical Temple.
  4621 | D:6      | Reached skill level 8 in Spellcasting
  4906 | D:7      | Found a runed translucent door.
  4907 | D:7      | Noticed Crazy Yiuf
  4915 | D:7      | Killed Crazy Yiuf
  5102 | D:6      | Offered knowledge of Mephitic Cloud by Vehumet.
  5110 | D:6      | Learned a level 3 spell: Mephitic Cloud
  5150 | D:6      | Killed Blork the orc
  5281 | D:6      | Reached skill level 1 in Poison Magic
  5294 | D:6      | Reached *** piety under Vehumet
  5303 | D:6      | Found a blossoming altar of Fedhas.
  5466 | D:7      | Reached XP level 9. HP: 36/45 MP: 17/23
  5551 | D:7      | Noticed Menkaure
  5558 | D:7      | Killed Menkaure
  5559 | D:7      | Reached skill level 9 in Spellcasting
  5559 | D:7      | Reached skill level 1 in Air Magic
  5811 | D:7      | HP: 2/45 [gnoll sergeant/+4 trident of venom (9)]
  6085 | D:7      | Noticed Joseph
  6192 | D:7      | Slain by a wight

Illustrated notes

Levels and vault maps discovered:
D:1:      sevenhm_arrival_forest_fort_small_3, layout_rooms,
          chequers_serial_rivers_room_b, minmay_misc_feat_five
D:2:      layout_loops_ring, dreamdust_ecumenical_altar_angels_and_demons,
          serial_shops, shop
D:3:      layout_basic, grunt_temple_overflow_open, minmay_misc_feat_iff
D:4:      layout_basic, nicolae_overflow_quartered_altars, serial_shops,
          nicolae_diamond_shop
D:5:      layout_loops_ring, lemuel_doored_altar, minmay_misc_feat_rows,
          dreamdust_wishing_well
D:6:      layout_loops_cross, fedhas_altar_fruit_tree,
          minmay_temple_entry_glass, uniq_pikel, uniq_blork_the_orc
D:7:      layout_basic, uniq_menkaure, uniq_joseph, uniq_crazy_yiuf_cottage

Skill      XL: |  1  2  3  4  5  6  7  8  9 |
---------------+----------------------------+-----
Necromancy     | 5 6 8 |  8.8
Dodging        | 3 4 5 6 |  6.0
Stealth        | 3 4 |  4.3
Short Blades   | 1 2 |  2.5
Spellcasting   | 4 5 7 8 9 |  9.5
Conjurations   | 1 2 3 |  3.3
Throwing       | 1 |  1.4
Translocations | 2 3 |  3.6
Poison Magic   | 2 |  2.8
Air Magic      | 1 |  1.3
Long Blades    | |  0.2

Action                     |  1- 3 |  4- 6 |  7- 9 || total
---------------------------+-------+-------+-------++-------
  Melee: Short sword       |    39 |       |       ||    39
         Unarmed           |     9 |       |       ||     9
         Punch             |     1 |       |     1 ||     2
         Rapier            |    22 |       |       ||    22
         Dagger            |     8 |   144 |    60 ||   212
         Scimitar          |       |       |     5 ||     5
  Throw: Dart              |       |     6 |    17 ||    23
   Cast: Vampiric Draining |     9 |    28 |    24 ||    61
         Magic Dart        |       |     7 |       ||     7
         Searing Ray       |       |     3 |    38 ||    41
         Mephitic Cloud    |       |       |     1 ||     1
  Evoke: Wand              |       |       |     3 ||     3
    Use: Potion            |       |       |     3 ||     3
         Scroll            |       |       |     1 ||     1
   Stab: Sleeping          |     4 |     6 |     2 ||    12
         Confused          |       |       |     1 ||     1
 Armour: Robe              |    14 |    41 |    27 ||    82
  Dodge: Dodged            |    64 |    92 |    88 ||   244
